 Dungeon Crawl Stone Soup version 0.24-a0-736-g4e6fe308c7 (webtiles) character file.

Game seed: 5945056423547916888, levelgen mode: deterministic

268 Arixos the Sneak (level 6, 26/26 HPs)
             Began as a Felid Venom Mage on Oct 2, 2019.
             Was an Initiate of Sif Muna.
             Quit the game on level 5 of the Dungeon.
             The game lasted 00:38:23 (6726 turns).

Arixos the Sneak (Felid Venom Mage)                 Turns: 6726, Time: 00:38:23

Health: 26/26      AC:  2    Str:  4    XL:     6   Next: 0%
Magic:  11/11      EV: 20    Int: 18    God:    Sif Muna [......]
Gold:   174        SH:  0    Dex: 17    Spells: 0/11 levels left
                                        Lives:  0   Deaths: 2

rFire    . . .     SeeInvis +     - Unarmed
rCold    . . .     Gourm    .   (shield unavailable)
rNeg     . . .     Faith    .   (armour unavailable)
rPois    .         Spirit   .   (helmet unavailable)
rElec    .         Reflect  .   (cloak unavailable)
rCorr    +         Harm     .   (gloves unavailable)
MR       .....                  (boots unavailable)
Stlth    ++++......             n - amulet of magic regeneration
HPRegen  0.08/turn              c - ring of stealth
MPRegen  0.37/turn              i - ring of resist corrosion

@: quick
A: very small, no armour, no weapons or thrown items, stealth, claws 1, fangs 3,
see invisible, carnivore, speed 1, shaggy fur 2, slow metabolism 1, sharp paws
a: Renounce Religion


You were on level 5 of the Dungeon.
You worshipped Sif Muna.
Sif Muna was noncommittal.
You were not hungry.

You visited 2 branches of the dungeon, and saw 7 of its levels.
You also visited: Ossuary.

You collected 174 gold pieces.

Inventory:

Jewellery
 c - a ring of stealth (left paw)
 i - a ring of resist corrosion (right paw)
 n - an amulet of magic regeneration (around neck)
Scrolls
 e - 2 scrolls of magic mapping
 f - a scroll of teleportation
 h - 6 scrolls of remove curse
Comestibles
 b - 10 rations


   Skills:
 + Level 2.3 Fighting
 + Level 4.6 Dodging
 + Level 4.7 Stealth
 + Level 2.6 Unarmed Combat
 + Level 3.1 Spellcasting
 - Level 2.0 Conjurations
 + Level 3.3 Translocations
 - Level 2.0 Air Magic
 + Level 3.7 Poison Magic


You couldn't memorise any spells.
You knew the following spells:

 Your Spells              Type           Power        Failure   Level  Hunger
a - Poisonous Vapours     Pois/Air       ##....       8%          2    ##.....
b - Sting                 Conj/Pois      ##..         4%          1    None
e - Blink                 Tloc           N/A          6%          2    ##.....
f - Mephitic Cloud        Conj/Pois/Air  ##......     17%         3    ###....
t - Olgreb's Toxic Radia  Pois           ###.....     34%         4    ####...

Your spell library contained the following spells:

 Spells                   Type           Power        Failure   Level  Hunger
 Magic Dart               Conj           ##..         7%          1    None
 Call Imp                 Summ           #.......     24%         2    ##.....
 Slow                     Hex            #.......     24%         2    ##.....
 Conjure Flame            Conj/Fire      #.......     32%         3    ###....
 Venom Bolt               Conj/Pois      ##........   80%         5    ######.


Dungeon Overview and Level Annotations

Branches:
Dungeon (6/15)             Temple (1/1) D:6         Ossuary (visited)

Altars:
Ashenzari
Dithmenos
Fedhas
Gozag
Hepliaklqana
Kikubaaqudgha
Makhleb
Nemelex Xobeh
Okawaru
Qazlal
Ru
Sif Muna
Trog
Uskayaw
Vehumet
Yredelemnul
Zin
The Shining One

Annotations:
D:6 Grinder


Innate Abilities, Weirdness & Mutations

You cannot wear armour.
You are incapable of wielding weapons or throwing items.
Your paws allow you to move quietly. (Stealth)
You have sharp claws.
You have razor-sharp teeth.
You have supernaturally acute eyesight. (SInv)
You are carnivorous and can eat meat at any time.
You cover ground quickly.
You are covered in thick fur. (AC +2)
You have a slow metabolism.
Your sharp claws are effective at attacking unaware monsters.


Message History

As you read the scroll labeled NAMIEBURAM, it crumbles to dust.
It is a scroll of enchant weapon.
You aren't carrying any weapons that can be enchanted.
* * * LOW HITPOINT WARNING * * *
You feel sick.
You eat one of the 11 rations.
That ration really hit the spot!
* * * LOW HITPOINT WARNING * * *
You feel sick.
You open the door.
* * * LOW HITPOINT WARNING * * *
You feel sick.
A phantom opens the door.
Found a stone staircase leading down.
* * * LOW HITPOINT WARNING * * *
You feel sick.
There is an open door here.
You die...
You feel sick.
You are now level 6!
You rejoin the land of the living...
Are you sure you want to abandon this character and quit the game? (Confirm with "yes".)

## #.## #.# #.#.# #. .# #.#
##'## #.#.###W .# #.# ##...##
#.)..... .# #####.### ##.....##
###.#### .###.......#
##.......## ##.##
.#.........###.........####..)##
.............'.........'.......#
.#.#.##....###.........####....#
##.#.....#.# ##.@.....## ##.#.#
#.#..##.#.# ##.....## ###.#
##.#.......# ##...## #.#
.........### ##'## #.#
#####Z########## #.# #.#
#.....Z....###.###### #.#
##########.##.......# #.#
#.##...###.# #.# #Z#......#.#
#.#


There were no monsters in sight!

Vanquished Creatures
  Edmund (D:3)
  An orc warrior (D:6)
  A centaur (D:5)
  A water moccasin skeleton (D:4)
  Crazy Yiuf (D:3)
  An orc priest (D:6)
  A jelly (D:5)
  A worker ant (D:6)
  4 orc wizards
  A worker ant zombie (D:5)
  6 adders
  A shadow imp (D:5)
  3 worms
  2 dart slugs (D:1)
  3 leopard geckos
  5 orcs
  6 bats
  4 giant cockroaches
  8 goblins
  7 hobgoblins
  4 jackals
  A quokka (D:4)
  3 ball pythons
  4 frilled lizards
  6 kobolds
  10 rats
86 creatures vanquished.

Notes
Turn   | Place    | Note
-------+----------+-------------------------------------------
     0 | D:1      | Arixos the Felid Venom Mage began the quest for the Orb.
     0 | D:1      | Reached XP level 1. HP: 7/7 MP: 4/4
    11 | D:1      | Reached skill level 1 in Conjurations
   167 | D:1      | Reached XP level 2. HP: 12/12 MP: 6/6
   240 | D:1      | Learned a level 2 spell: Poisonous Vapours
   894 | D:1      | Reached XP level 3. HP: 15/15 MP: 7/7
   947 | D:2      | Reached skill level 1 in Unarmed Combat
  1256 | D:2      | Learned a level 2 spell: Blink
  1488 | D:2      | Reached XP level 4. HP: 18/18 MP: 3/8
  1887 | D:2      | Found a bloodstained altar of Trog.
  1891 | D:2      | Reached skill level 1 in Fighting
  2254 | D:3      | Found a runed translucent door.
  2255 | D:3      | Noticed Crazy Yiuf
  2281 | D:3      | Killed Crazy Yiuf
  2578 | D:3      | Reached skill level 1 in Translocations
  2878 | D:3      | Reached XP level 5. HP: 22/22 MP: 9/9
  3629 | D:4      | Noticed Edmund
  3667 | D:3      | Killed Edmund
  3667 | D:3      | Reached skill level 1 in Air Magic
  3667 | D:3      | Gained mutation: You are covered in thick fur. (AC +2)
                  | [Felid growth]
  3667 | D:3      | Reached XP level 6. HP: 25/25 MP: 3/11
  3868 | D:4      | Learned a level 3 spell: Mephitic Cloud
  3970 | D:4      | Found a hide-covered altar of Uskayaw.
  4304 | D:5      | Entered Level 5 of the Dungeon
  4353 | D:5      | Noticed an ice beast
  4370 | D:5      | Found a sand-covered staircase.
  4376 | Ossuary  | Entered an ossuary
  5109 | D:5      | Splashed by a jelly's acid
  5110 | D:5      | Reached XP level 5. HP: 0/22 MP: 10/10
  5246 | D:5      | Noticed a phantom
  5259 | D:5      | Noticed a phantom
  5764 | D:6      | Reached XP level 6. HP: 18/26 MP: 9/11
  5952 | D:6      | Noticed an orc warrior
  5978 | D:6      | Found a staircase to the Ecumenical Temple.
  5983 | D:6      | Killed an orc warrior
  6027 | Temple   | Entered the Ecumenical Temple
  6420 | Temple   | Became a worshipper of Sif Muna the Loreminder
  6440 | D:6      | Reached XP level 7. HP: 25/30 MP: 8/12
  6496 | D:6      | Learned a level 4 spell: Olgreb's Toxic Radiance
  6534 | D:6      | Noticed Grinder
  6723 | D:5      | HP: 1/30 [poisoned by a water moccasin]
  6725 | D:5      | Succumbed to a water moccasin's poison
  6726 | D:5      | Reached XP level 6. HP: 0/26 MP: 11/11
  6726 | D:5      | Quit the game

Levels and vault maps discovered:
D:1:      minmay_arrival_four_loops, layout_loops_ring
D:2:      layout_loops_cross, marbit_many_paths
D:3:      layout_loops_corners, uniq_crazy_yiuf_cottage
D:4:      layout_loops_ring, lemuel_coloured_pillars_altar, uniq_edmund
D:5:      layout_loops_corners, nicolae_ossuary_entry_monument, first_ration,
          kennysheep_generic_room_15
D:6:      layout_basic, minmay_temple_entry_slanted, serial_shops, shop,
          basic_altar, nicolae_tso_carved_into_rock, uniq_grinder
Temple:   eino_temple_rhombus

Skill      XL: |  1  2  3  4  5  6 |
---------------+-------------------+-----
Conjurations   | 1 2 |  2.0
Dodging        | 3 4 |  4.6
Stealth        | 3 4 |  4.7
Unarmed Combat | 1 2 |  2.6
Fighting       | 1 2 |  2.3
Poison Magic   | 3 |  3.7
Translocations | 1 3 |  3.3
Air Magic      | 1 2 |  2.0
Spellcasting   | 3 |  3.1

Action                   |  1- 3 |  4- 6 |  7- 9 || total
-------------------------+-------+-------+-------++-------
Melee: Unarmed           |    41 |   102 |     9 ||   152
       Bite              |     3 |    10 |     1 ||    14
       Punch             |       |     1 |       ||     1
 Cast: Sting             |     8 |       |       ||     8
       Poisonous Vapours |    26 |    56 |       ||    82
       Blink             |       |     6 |       ||     6
  Use: Scroll            |       |     1 |     6 ||     7
       Potion            |       |       |     4 ||     4
 Stab: Sleeping          |    10 |    15 |       ||    25
  Eat: Chunk             |     9 |    13 |       ||    22
       Ration            |       |       |     1 ||     1
Armor: Skin              |       |     4 |       ||     4
Dodge: Dodged            |    32 |    82 |    23 ||   137

Table legend:
 A = Non-vault XP
 B = Vault XP
 C = Vault XP percentage of total XP
 D = Non-vault monster count
 E = Vault monster count
 F = Vault count percentage of total count
                 A         B        C        D         E       F
            +---------+---------+-------+---------+---------+-------
      Total |     808 |     207 |  20.4 |      83 |       3 |   3.5
            +---------+---------+-------+---------+---------+-------
        D:1 |      41 |       0 |   0.0 |      24 |       0 |   0.0
        D:2 |      65 |       1 |   1.5 |      18 |       1 |   5.3
        D:3 |      72 |     206 |  74.1 |      20 |       2 |   9.1
        D:4 |      72 |       0 |   0.0 |       3 |       0 |   0.0
        D:5 |     183 |       0 |   0.0 |       7 |       0 |   0.0
        D:6 |     332 |       0 |   0.0 |      10 |       0 |   0.0
     Temple |      43 |       0 |   0.0 |       1 |       0 |   0.0
            +---------+---------+-------+---------+---------+-------
